 Dungeon Crawl Stone Soup version 0.23-a0-393-g6e9e0f2070 (webtiles) character file.

69409 PikkenKukken the Martial Artist (level 14, -7/132 HPs)
             Began as a Demonspawn Transmuter on Oct 31, 2018.
             Was the Champion of Kikubaaqudgha.
             Mangled by a wolf spider (9 damage)
             ... on level 4 of the Lair of Beasts.
             The game lasted 02:08:32 (35492 turns).

PikkenKukken the Martial Artist (DsTm)             Turns: 35492, Time: 02:08:32

Health: -7/132     AC:  7    Str: 11    XL:     14   Next: 90%
Magic:  0/26       EV: 15    Int: 22    God:    Kikubaaqudgha [******]
Gold:   1339       SH:  0    Dex: 14    Spells: 4/29 levels left

rFire    x . .     SeeInvis .     - Unarmed
rCold    + + +     Gourm    .   (shield currently unavailable)
rNeg     + . .     Faith    .   (armour currently unavailable)
rPois    +         Spirit   +   (helmet unavailable)
rElec    .         Reflect  .   (cloak currently unavailable)
rCorr    +         Harm     .   (gloves currently unavailable)
MR       +....                  (boots currently unavailable)
Stlth    +++.......             p - amulet of regeneration
HPRegen  0.72/turn              u - ring of wizardry
MPRegen  0.20/turn              o - ring of the Mutiny {rCorr +Blink Int+3 Stlth+}

@: ice-form
A: large, negative energy resistance 1, nightstalker 1, magic shield
a: End Transformation, Receive Corpses, Torment, Renounce Religion, Evoke Blink


You were on level 4 of the Lair of Beasts.
You worshipped Kikubaaqudgha.
Kikubaaqudgha was exalted by your worship.
You were hungry.
You were a creature of crystalline ice.
You visited 4 branches of the dungeon, and saw 22 of its levels.
You also visited: Bailey and Ice Cave.

You collected 2249 gold pieces.
You spent 910 gold pieces at shops.

Inventory:

Hand Weapons
 b - a +1 hunting sling
Missiles
 a - 92 arrows
Armour
 l - a +0 cloak (melded)
 y - the +4 cloak "Upteifag" {rElec Dex+3 Slay-4}
   (You bought it in a shop on level 2 of the Orcish Mines)

   It affects your dexterity (+3).
   It affects your accuracy and damage with ranged weapons and melee attacks
   (-4).
   It insulates you from electricity.
 z - a +2 robe of resistance (melded)
 D - a +1 pair of gloves (melded)
 G - a +1 pair of boots (melded)
 J - the +2 robe "Qere" {rN++ rCorr}
   (You found it on level 9 of the Dungeon)

   It greatly protects you from negative energy.
   It provides partial protection from all sources of acid and corrosion.
Jewellery
 n - an uncursed ring of stealth
 o - the ring of the Mutiny (right front paw) {rCorr +Blink Int+3 Stlth+}
   (You bought it in a shop on level 5 of the Dungeon)

   [ring of resist corrosion]

   It affects your intelligence (+3).
   It lets you blink.
   It makes you more stealthy.
 p - an amulet of regeneration (around neck)
 u - a ring of wizardry (left front paw)
 E - an uncursed ring of wizardry
Wands
 e - a wand of iceblast (26)
 r - a wand of digging (5)
 P - a wand of acid (3)
Scrolls
 c - 3 scrolls of amnesia
 f - 2 scrolls of remove curse
 g - 3 scrolls of identify
 j - 4 scrolls of fog
 s - a scroll of blinking
 v - 2 scrolls of teleportation
 x - a scroll of fear
 F - 7 scrolls of enchant armour
 K - 6 scrolls of enchant weapon
 Q - a scroll of silence
Potions
 h - 2 potions of heal wounds
 i - 2 potions of flight
 k - 3 potions of haste
 m - 7 potions of curing
 q - a potion of ambrosia
 t - a potion of lignification
 w - 2 potions of cancellation
 A - 6 potions of brilliance
 B - 2 potions of agility
 C - 2 potions of berserk rage
 H - 6 potions of invisibility
 I - 4 potions of might
 N - 2 potions of resistance
Comestibles
 d - 20 rations
 L - a chunk of flesh


   Skills:
 + Level 10.0 Fighting
 - Level 2.0 Armour
 + Level 8.9 Dodging
 * Level 13.8 Unarmed Combat
 - Level 8.0 Spellcasting
 + Level 10.2 Necromancy
 + Level 10.1 Transmutations
 - Level 3.1 Ice Magic
 - Level 4.0 Earth Magic


You had 4 spell levels left.
You knew the following spells:

 Your Spells              Type           Power        Failure   Level  Hunger
a - Beastly Appendage     Tmut           ######       1%          1    None
b - Sticks to Snakes      Tmut           ######..     1%          2    None
c - Borgnjor's Vile Clut  Necr/Erth      #####.....   4%          5    #####..
d - Ice Form              Ice/Tmut       #####...     1%          4    ###....
e - Blade Hands           Tmut           ######....   1%          5    #####..
f - Animate Dead          Necr           N/A          1%          4    ###....
g - Petrify               Tmut/Erth      #####...     1%          4    ###....

Your spell library contained the following spells:

 Spells                   Type           Power        Failure   Level  Hunger
 Pain                     Necr           ####         1%          1    None
 Sandblast                Erth           ####..       1%          1    None
 Corpse Rot               Necr           N/A          1%          2    None
 Passwall                 Tmut/Erth      #####...     1%          2    None
 Sublimation of Blood     Necr           ######....   1%          2    None
 Spider Form              Tmut/Pois      ####......   1%          3    None
 Vampiric Draining        Necr           ######....   1%          3    None
 Ensorcelled Hibernation  Hex/Ice        ###...       2%          2    None
 Ignite Poison            Fire/Tmut/Pois ###.....     2%          3    None
 Corona                   Hex            #......      3%          1    None
 Summon Butterflies       Summ           #.......     3%          1    None
 Poisonous Vapours        Pois/Air       #.....       4%          2    None
 Stone Arrow              Conj/Erth      ###...       4%          3    None
 Call Canine Familiar     Summ           #.......     9%          3    None
 Confuse                  Hex            #.......     9%          3    None
 Conjure Flame            Conj/Fire      #.......     9%          3    None
 Dazzling Spray           Conj/Hex       #.....       9%          3    None
 Mephitic Cloud           Conj/Pois/Air  #.......     9%          3    None
 Tukima's Dance           Hex            #.......     9%          3    None
 Summon Ice Beast         Ice/Summ       ###.....     16%         4    ###....
 Agony                    Necr           ######..     1%          5    #####..
 Dispel Undead            Necr           ######..     1%          5    #####..
 Alistair's Intoxication  Tmut/Pois      ####....     11%         5    #####..
 Irradiate                Conj/Tmut      ####......   11%         5    #####..
 Lee's Rapid Deconstruct  Erth           ####......   16%         5    #####..
 Simulacrum               Ice/Necr       #####.....   28%         6    ######.
 Summon Mana Viper        Hex/Summ       #.......     58%         5    #####..
 Freezing Cloud           Conj/Ice/Air   ##........   95%         6    ######.
 Haunt                    Necr/Summ      ####......   95%         7    #######
 Borgnjor's Revivificati  Necr           ######....   95%         8    #######
 Infestation              Necr           ######....   95%         8    #######
 Necromutation            Tmut/Necr      ######....   95%         8    #######
 Ring of Flames           Chrm/Fire      #.........   100%        7    #######
 Summon Hydra             Summ           #.........   100%        7    #######
 Death's Door             Chrm/Necr      ####......   100%        8    #######


Dungeon Overview and Level Annotations

Branches:
Dungeon (13/15)            Temple (0/1) D:7            Lair (6/6) D:9
 Shoals (0/4) Lair:3       Spider (1/4) Lair:4        Slime (0/5) Lair:6
    Orc (2/2) D:12            Elf (0/3) Orc:2        Vaults (0/5) D:13

Altars:
Cheibriados
Dithmenos
Elyvilon
Fedhas
Gozag
Hepliaklqana
Kikubaaqudgha
Makhleb
Ru
Trog
Uskayaw
Vehumet
Wu Jian
Xom
Yredelemnul
The Shining One
Beogh

Shops:
D:5 =   D:12 (***[   Orc:2 *([[[

Annotations:
D:4 Edmund
Orc:1 2 transporters


Innate Abilities, Weirdness & Mutations

((You have a pair of large antennae on your head. (SInv)))
((You are mostly covered in yellow scales. (AC +3)))
You resist negative energy. (rN+)
You are slightly more attuned to the shadows.
When hurt, damage is shared between your health and your magic reserves.


Message History

You feel much better.
The jumping spider leaps!
The wolf spider hits you.
* * * LOW HITPOINT WARNING * * *
The wolf spider misses you. The wolf spider completely misses you.
The wolf spider misses you.
You fail to use your ability.
The jumping spider misses you. The jumping spider closely misses you.
The wolf spider hits you!
* * * LOW HITPOINT WARNING * * *
The wolf spider closely misses you.
You fail to use your ability.
The jumping spider closely misses you. The jumping spider bites you.
* * * LOW HITPOINT WARNING * * *
The wolf spider completely misses you. The wolf spider barely misses you.
The jumping spider pounces on you!
* * * LOW HITPOINT WARNING * * *
The jumping spider bites you but does no damage.
The wolf spider hits you!
* * * LOW HITPOINT WARNING * * *
The wolf spider bites you!
You die...
Kikubaaqudgha rasps: "You have failed me!
Welcome... death!"

##.......###.##.^.......(.#..
#P#....^...#.#..............
###....#^....#.#............
#P...##.#.....##...........
#...#.#..#^...##......#.P..
##.####.≈≈≈≈..###.P........
#..###..≈≈≈≈≈..##.#........
##..###.≈..s≈.##..###......
#....##.'sY.†..#..# ##.....
###.###.#^#.#####.####.....
### ##########.##...#....
##....#....#......>..
#....##....##........
#............#......#
#.........#.#......#.
##...........[....###
#....P......##...P##


You could see a wolf spider and a jumping spider.

Vanquished Creatures
  Azrael (Orc:1)
  An ogre mage (D:13)
  Josephine (Lair:4)
  Fannar (Lair:3)
  4 hydras
  A catoblepas (Lair:6)
  7 two-headed ogres
  2 centaur warriors (D:13)
  Erica (D:8)
  5 death yaks
  A deep troll shaman (Lair:6)
  Sonja (Lair:2)
  A fire crab (shapeshifter) (D:13)
  A fire crab (Lair:4)
  An unseen horror (D:10)
  A deep troll (D:11)
  A flayed ghost (D:11)
  Pikel (D:9)
  2 orb spiders (Spider:1)
  3 orc knights
  5 orc sorcerers
  2 deep elf magi
  3 ugly things
  2 cyclopes (D:13)
  2 manticores
  3 black mambas
  4 elephants (Lair:6)
  2 torpor snails
  A gargoyle (D:11)
  8 spiny frogs
  2 centaur skeletons
  A freezing wraith (D:13)
  4 komodo dragons
  A tengu conjurer (D:13)
  3 trolls
  A polar bear (Lair:4)
  10 blink frogs
  2 slime creatures (D:13)
  7 hippogriffs
  2 redbacks (Lair:4)
  2 vampires
  A tarantella (Lair:4)
  5 wraiths
  5 basilisks
  5 fire elementals
  3 wyverns
  A steam dragon (D:9)
  24 yaks
  A basilisk (shapeshifter) (D:11)
  2 hungry ghosts
  2 death yak simulacra (IceCv)
  Menkaure (D:7)
  12 wargs
  An acid dragon (D:13)
  A hell hound (Orc:1)
  9 water moccasins
  8 porcupines
  2 slaves (D:8)
  6 ice beasts
  30 orc warriors
  3 black bears
  5 sky beasts
  An alligator simulacrum (IceCv)
  17 ogres
  2 eyes of draining
  2 necrophages
  9 wolves
  9 centaurs
  16 crocodiles
  3 wyvern zombies
  Blork the orc (D:5)
  21 bullfrogs
  A wyvern skeleton (D:8)
  4 scorpions
  8 killer bees
  A swamp dragon simulacrum (IceCv)
  8 wights
  2 howler monkeys (D:12)
  A bullfrog zombie (D:7)
  4 crimson imps
  A quasit (D:9)
  5 hounds
  7 orc priests
  5 jellies
  Crazy Yiuf (D:5)
  A bullfrog skeleton (D:5)
  7 iguanas
  45 orc wizards
  11 worker ants
  A hound zombie (D:5)
  2 hound skeletons
  A worker ant zombie (D:10)
  3 gnolls (D:10)
  12 adders
  A river rat (D:9)
  3 shadow imps
  16 white imps
  An adder zombie (D:5)
  6 worms
  3 dart slugs
  4 leopard geckos
  120 orcs
  2 ball pythons
  8 giant cockroaches
  8 goblins
  6 hobgoblins
  12 jackals
  11 kobolds
  5 quokkas
  A ball python skeleton (D:5)
  10 bats
  6 frilled lizards
  A leopard gecko skeleton (D:7)
  9 rats
  A fungus (D:5)
677 creatures vanquished.

Vanquished Creatures (collateral kills)
  An orc warlord (D:10)
  Snorg (Lair:5)
  2 hydras
  3 death yaks
  An orc knight (Orc:1)
  An orc sorcerer (Orc:1)
  An elephant (Lair:5)
  A polar bear (Lair:6)
  5 blink frogs
  3 slime creatures (D:13)
  A fire elemental (Orc:1)
  A hell hound (Orc:1)
  2 orc warriors (Orc:1)
  An ice beast (IceCv)
  An ogre (Orc:1)
  4 killer bees
  A wight (D:6)
  2 orc wizards (Orc:2)
  Jessica (D:2)
  Ijyb (D:3)
  A gnoll (D:10)
  A white imp (IceCv)
  A worm (D:2)
  16 orcs
  A ball python (D:2)
  A goblin (D:3)
  A fungus (Lair:6)
  A plant (Lair:6)
57 creatures vanquished.

Vanquished Creatures (others)
  2 slaves (D:9)
  A bush (Lair:6)
  19 fungi
  13 plants (Lair:6)
35 creatures vanquished.

Grand Total: 769 creatures vanquished

Notes
Turn   | Place    | Note
-------+----------+-------------------------------------------
     0 | D:1      | PikkenKukken the Demonspawn Transmuter began the quest for
                  | the Orb.
     0 | D:1      | Reached XP level 1. HP: 15/15 MP: 3/3
   267 | D:1      | Gained mutation: You are partially covered in yellow
                  | scales. (AC +2) [demonic ancestry]
   267 | D:1      | Reached XP level 2. HP: 18/21 MP: 3/5
   332 | D:1      | Learned a level 2 spell: Sticks to Snakes
   362 | D:1      | Reached skill level 3 in Unarmed Combat
  1136 | D:2      | Reached XP level 3. HP: 18/26 MP: 4/6
  1586 | D:2      | Found a snail-covered altar of Cheibriados.
  1946 | D:2      | Noticed Jessica
  1953 | D:2      | Killed Jessica
  1953 | D:2      | Lost mutation: You have a pair of horns on your head.
                  | [demonic ancestry]
  1953 | D:2      | Lost mutation: You have a pair of small horns on your head.
                  | [demonic ancestry]
  1953 | D:2      | Gained mutation: You have a pair of small antennae on your
                  | head. [demonic ancestry]
  1953 | D:2      | Reached XP level 4. HP: 27/33 MP: 1/7
  2408 | D:2      | Found an ornate altar of the Wu Jian Council.
  2578 | D:3      | Noticed Ijyb
  2620 | D:3      | Killed Ijyb
  2756 | D:2      | Gained mutation: You have a pair of antennae on your head.
                  | [demonic ancestry]
  2756 | D:2      | Reached XP level 5. HP: 3/38 MP: 4/8
  3068 | D:3      | Learned a level 3 spell: Spider Form
  3199 | D:3      | Reached skill level 4 in Unarmed Combat
  3620 | D:3      | Found a shadowy altar of Dithmenos.
  4190 | D:4      | Noticed an ogre
  4196 | D:4      | Noticed Edmund
  4378 | D:4      | Found a hide-covered altar of Uskayaw.
  4478 | D:4      | Noticed an ogre
  4483 | D:4      | Killed an ogre
  4483 | D:4      | Gained mutation: When hurt, damage is shared between your
                  | health and your magic reserves. [demonic ancestry]
  4483 | D:4      | Reached XP level 6. HP: 46/46 MP: 5/9
  5033 | D:4      | Found a bloodstained altar of Trog.
  5038 | D:4      | Reached skill level 5 in Unarmed Combat
  5079 | D:4      | Found a shimmering altar of Xom.
  5082 | D:4      | Found a blossoming altar of Fedhas.
  5082 | D:4      | Found a shimmering altar of Xom.
  5086 | D:4      | Reached XP level 7. HP: 52/52 MP: 6/10
  5087 | D:4      | Found a hide-covered altar of Uskayaw.
  5087 | D:4      | Found a hazy altar of Hepliaklqana.
  5087 | D:4      | Found a blossoming altar of Fedhas.
  5189 | D:4      | Found an ancient bone altar of Kikubaaqudgha.
  5189 | D:4      | Found a burning altar of Makhleb.
  5248 | D:4      | Became a worshipper of Kikubaaqudgha
  5266 | D:5      | Entered Level 5 of the Dungeon
  5282 | D:5      | Found an opulent altar of Gozag.
  5316 | D:5      | Found Tuze's Jewellery Shoppe.
  5903 | D:5      | Found a radiant altar of Vehumet.
  6041 | D:5      | Found a runed door.
  6046 | D:5      | Noticed Crazy Yiuf
  6053 | D:5      | Paralysed by Crazy Yiuf for 6 turns
  6104 | D:5      | Killed Crazy Yiuf
  6420 | D:6      | Reached skill level 6 in Unarmed Combat
  6420 | D:6      | Gained mutation: You are slightly more attuned to the
                  | shadows. [demonic ancestry]
  6420 | D:6      | Reached XP level 8. HP: 58/60 MP: 8/11
  6471 | D:6      | Noticed Blork the orc
  6860 | D:5      | Reached skill level 1 in Necromancy
  7017 | D:5      | Killed Blork the orc
  7283 | D:6      | Found the +0 sword of Power
  7608 | D:6      | Learned a level 4 spell: Ice Form
  7828 | D:6      | Found a sacrificial altar of Ru.
  7869 | D:6      | Reached * piety under Kikubaaqudgha
  7869 | D:6      | Identified Kikubaaqudgha's Disquisition on Necromancy
                  | (Kikubaaqudgha gifted it to you on level 6 of the Dungeon)
  7869 | D:6      | Received a gift from Kikubaaqudgha
  8183 | D:7      | Reached skill level 7 in Unarmed Combat
  8189 | D:7      | Reached skill level 5 in Fighting
  8189 | D:7      | Gained mutation: You resist negative energy. (rN+) [demonic
                  | ancestry]
  8189 | D:7      | Reached XP level 9. HP: 64/68 MP: 4/13
  8317 | D:7      | Noticed Menkaure
  8321 | D:7      | Killed Menkaure
  8321 | D:7      | Reached skill level 5 in Dodging
  8356 | D:7      | Found a staircase to the Ecumenical Temple.
  8366 | D:7      | Found a hide-covered altar of Uskayaw.
  8560 | D:7      | Found a glowing golden altar of the Shining One.
  8670 | D:7      | Reached skill level 5 in Transmutations
  8866 | D:8      | Noticed Erica
  8886 | D:8      | Killed Erica
  8886 | D:8      | Reached skill level 1 in Ice Magic
  9508 | D:8      | Identified the cursed +0 large shield of Tarur {rPois
                  | Str+3}
  9522 | D:8      | Noticed a two-headed ogre
 10017 | D:8      | Reached skill level 8 in Unarmed Combat
 10133 | D:9      | Found a basalt altar of Yredelemnul.
 10298 | D:9      | Noticed a death yak
 10354 | D:8      | Killed a death yak
 10354 | D:8      | Reached XP level 10. HP: 13/76 MP: 1/16
 10672 | D:9      | Got a bloodstained robe
 10683 | D:9      | Identified the +2 robe "Qere" {rN++ rCorr} (You found it on
                  | level 9 of the Dungeon)
 10722 | D:9      | Learned a level 5 spell: Blade Hands
 10767 | D:9      | Noticed a two-headed ogre
 10775 | D:9      | Killed a two-headed ogre
 11070 | D:8      | Reached ** piety under Kikubaaqudgha
 11386 | D:9      | Noticed Pikel
 11394 | D:9      | Killed Pikel
 11468 | D:8      | Reached skill level 5 in Necromancy
 11708 | D:9      | Reached skill level 9 in Unarmed Combat
 11745 | D:9      | Found a staircase to the Lair.
 11746 | D:9      | Noticed a death yak
 11750 | D:9      | Noticed a death yak
 11787 | D:9      | Noticed a two-headed ogre
 11793 | D:9      | Killed a two-headed ogre
 12607 | D:9      | Found a white marble altar of Elyvilon.
 12960 | D:8      | Killed a death yak
 12960 | D:8      | Reached XP level 11. HP: 13/81 MP: 0/17
 13282 | D:8      | Killed a death yak
 13577 | D:9      | Reached skill level 10 in Unarmed Combat
 13729 | D:10     | Entered Level 10 of the Dungeon
 13961 | D:10     | Learned a level 2 spell: Passwall
 14171 | D:10     | Found a bloodstained altar of Trog.
 14283 | D:10     | Noticed a two-headed ogre
 14290 | D:10     | Killed a two-headed ogre
 14337 | D:10     | Killed an unseen horror
 14337 | D:10     | Reached skill level 1 in Armour
 14337 | D:10     | Reached skill level 1 in Earth Magic
 15194 | Lair:1   | Entered Level 1 of the Lair of Beasts
 15276 | Lair:1   | Reached *** piety under Kikubaaqudgha
 15276 | Lair:1   | Identified Kikubaaqudgha's Catalogue of Sinister Rites
                  | (Kikubaaqudgha gifted it to you on level 1 of the Lair of
                  | Beasts)
 15276 | Lair:1   | Received a gift from Kikubaaqudgha
 15792 | Lair:1   | Noticed a six-headed hydra
 15805 | Lair:1   | Killed a six-headed hydra
 16341 | Lair:1   | Noticed a five-headed hydra
 16374 | Lair:1   | Learned a level 5 spell: Borgnjor's Vile Clutch
 17256 | Lair:2   | Gained mutation: You are mostly covered in yellow scales.
                  | (AC +3) [demonic ancestry]
 17256 | Lair:2   | Reached XP level 12. HP: 47/89 MP: 8/18
 17643 | Lair:2   | Noticed Sonja
 17805 | Lair:2   | Killed Sonja
 17894 | Lair:2   | Reached skill level 11 in Unarmed Combat
 18397 | Lair:3   | Noticed a six-headed hydra
 18510 | Lair:2   | Killed a six-headed hydra
 18661 | Lair:3   | Found a staircase to the Shoals.
 18675 | Lair:3   | Noticed Fannar
 18708 | Lair:3   | Killed Fannar
 18934 | Lair:3   | Reached **** piety under Kikubaaqudgha
 19353 | Lair:4   | Reached skill level 5 in Spellcasting
 19489 | Lair:4   | Learned a level 4 spell: Animate Dead
 19615 | Lair:4   | Found a hole to the Spider Nest.
 20259 | Lair:5   | Noticed Snorg
 20312 | Lair:5   | Killed Snorg
 20658 | Lair:5   | Noticed Josephine
 20963 | Lair:4   | Killed Josephine
 21539 | D:11     | Reached XP level 13. HP: 63/98 MP: 13/21
 22065 | D:11     | Found a flagged portal.
 22088 | Bailey   | Entered a bailey
 22186 | Bailey   | Reached ***** piety under Kikubaaqudgha
 22547 | Bailey   | Identified a scroll of acquirement
 22659 | Bailey   | Got a pair of spiked boots
 22670 | Bailey   | Identified the +0 pair of boots of Leach {-Cast rElec rF+
                  | Str+4} (You acquired it in a bailey)
 23330 | D:10     | Reached skill level 12 in Unarmed Combat
 23822 | D:11     | Identified the +1 leather armour of the Other World
                  | {Slay+5}
 24010 | D:11     | Noticed an orc warlord
 24092 | D:11     | Noticed an ettin
 24092 | D:11     | Noticed a tengu reaver
 24092 | D:11     | Noticed a storm dragon
 24242 | D:12     | Found Loumegil's General Store.
 24312 | D:12     | Found Jasos's General Store.
 24321 | D:12     | Found a labyrinth entrance.
 24333 | D:12     | Found Upitzax's Antique Weapon Shoppe.
 24414 | D:12     | Found Egosh's Antique Armour Shop.
 24421 | D:12     | Found a frozen archway.
 24460 | IceCv    | Entered an ice cave
 25223 | D:12     | Found a staircase to the Orcish Mines.
 25457 | D:5      | Bought the ring of the Mutiny {rCorr +Blink Int+3 Stlth+}
                  | for 560 gold pieces
 25666 | Orc:1    | Entered Level 1 of the Orcish Mines
 25837 | Orc:2    | Entered Level 2 of the Orcish Mines
 26874 | Orc:2    | Reached ****** piety under Kikubaaqudgha
 26923 | Orc:2    | Found Taose's Armour Emporium.
 27113 | Orc:1    | Found a transporter.
 27113 | Orc:1    | Found a transporter.
 27189 | Orc:1    | Noticed an ettin
 27644 | Orc:2    | Noticed Azrael
 27782 | Orc:1    | Received a gift from Kikubaaqudgha
 27937 | Orc:1    | Killed Azrael
 28199 | Orc:2    | Paralysed by an orc sorcerer for 5 turns
 28469 | Orc:2    | Paralysed by an orc sorcerer for 7 turns
 28837 | Orc:2    | Found a staircase to the Elven Halls.
 29073 | Orc:2    | Found a roughly hewn altar of Beogh.
 29088 | Orc:2    | Found Xoshra's General Store.
 29088 | Orc:2    | Found Qicwa's Antique Weapon Shop.
 29117 | Orc:2    | Bought a potion of heal wounds for 80 gold pieces
 29215 | Orc:2    | Found Witarphyn's Armour Emporium.
 29215 | Orc:2    | Found Xoanudosel's Antique Armour Shop.
 29637 | Orc:2    | Bought a warped cloak for 218 gold pieces
 29641 | Orc:2    | Identified the +4 cloak "Upteifag" {rElec Dex+3 Slay-4}
                  | (You bought it in a shop on level 2 of the Orcish Mines)
 29928 | Lair:6   | Entered Level 6 of the Lair of Beasts
 30165 | Lair:6   | Reached skill level 13 in Unarmed Combat
 30165 | Lair:6   | Gained mutation: You have a pair of large antennae on your
                  | head. (SInv) [demonic ancestry]
 30165 | Lair:6   | Reached XP level 14. HP: 106/108 MP: 17/24
 30529 | Lair:6   | Found a staircase to the Slime Pits.
 32671 | D:12     | Found Oveolata's Assorted Antiques.
 32677 | D:12     | Bought a scroll of identify for 52 gold pieces
 33541 | D:13     | Reached skill level 10 in Transmutations
 33549 | D:13     | Reached skill level 10 in Necromancy
 33759 | D:13     | Found a gate to the Vaults.
 34295 | D:13     | Identified the +3 leather armour of Geononau {MR+ Stlth+}
                  | (You found it on level 13 of the Dungeon)
 34789 | D:10     | Killed an orc warlord
 34789 | D:10     | Reached skill level 10 in Fighting
 35269 | Spider:1 | Entered Level 1 of the Spider Nest
 35374 | Lair:4   | Learned a level 4 spell: Petrify
 35489 | Lair:4   | HP: 3/132 [wolf spider (17)]
 35492 | Lair:4   | Mangled by a wolf spider

Vault maps used:
D:1:      lightli_arrival_quake
D:2:      kennysheep_slug_shrine, nicolae_overflow_hidden_temple, first_ration,
          item_on_display_a, uniq_jessica
D:3:      nicolae_dithmenos_through_a_glass_darkly, kennysheep_generic_room_10,
          uniq_ijyb
D:4:      marbit_many_paths, eat_drink_and_be_merry_uskayaw,
          gammafunk_temple_overflow_wave, doesnt_xom_only_xom, uniq_edmund
D:5:      kennysheep_mini, grunt_gozag_statues, serial_shops, shop,
          uniq_crazy_yiuf_cottage
D:6:      nicolae_ru_great_annihilating_truth,
          nicolae_ossuary_entry_false_entrances, sword_in_stone
D:7:      kennysheep_little_box, minmay_temple_entry_hall, basic_altar,
          grunt_ogre_cave, uniq_menkaure
D:8:      uniq_erica
D:9:      kennysheep_ying_yang, dpeg_lair_monsters, uniq_pikel
D:10:     basic_altar
D:11:     minmay_tile_spiral, enter_bailey_3
D:12:     minmay_orc_entry_guard_dogs, portal_ice_cave_entry_imps,
          lab_entry_generic, serial_shops, nicolae_shop_overgrown_old_shop,
          nicolae_shop_crystal, nicolae_shop_stone, shop, nicolae_shop_trees
D:13:     david_vaults_2, grunt_ministairs_4
Lair:1:   chequers_serial_rivers_micro_c, chequers_serial_rivers_large_b,
          patterned_corridor
Lair:2:   uniq_sonja
Lair:3:   minmay_shoals_entry_centaurs, st_stairs_3, grunt_megastairs_3,
          uniq_fannar
Lair:4:   nicolae_spider_entry_orb_guardian
Lair:5:   grunt_megastairs_5, uniq_josephine, uniq_snorg
Lair:6:   grunt_lair_end_beastmaster, dpeg_slime_entry_corner,
          serial_bayou_pond_c, chequers_serial_rivers_micro_e,
          hibernation_bobbens, infiniplex_staircase_pool_2
Spider:1: spiders_nest_spider_trap
Orc:1:    gammafunk_beogh_shrine
Orc:2:    st_orc_town, serial_shops, nicolae_shop_window_shopping, uniq_azrael
Bailey:   bailey_polearm_5, bailey
IceCv:    ice_cave_small_necro

Skill      XL: |  1  2  3  4  5  6  7  8  9 10 11 12 13 14 |
---------------+-------------------------------------------+-----
Transmutations | 2 3 4 5 6 7 8 9 10 | 10.1
Dodging        | 2 3 4 5 6 7 8 |  8.9
Unarmed Combat | 3 4 5 6 7 8 9 10 11 13 | 13.8
Fighting       | 2 3 4 5 6 8 9 10 | 10.0
Necromancy     | 2 4 6 7 8 9 10 | 10.2
Spellcasting   | 3 4 5 7 8 |  8.0
Ice Magic      | 2 3 |  3.1
Armour         | 2 |  2.0
Earth Magic    | 2 4 |  4.0

Action                   |  1- 3 |  4- 6 |  7- 9 | 10-12 | 13-15 || total
-------------------------+-------+-------+-------+-------+-------++-------
Melee: Unarmed           |   105 |   232 |   425 |   600 |   976 ||  2338
       Kick              |     8 |    21 |    18 |       |       ||    47
       Headbutt          |     6 |       |       |       |       ||     6
       Punch             |     3 |     1 |     2 |    11 |    20 ||    37
 Fire: Hunting sling     |    11 |     3 |       |       |       ||    14
 Cast: Beastly Appendage |    16 |    12 |    11 |       |       ||    39
       Sticks to Snakes  |     6 |    14 |    22 |    40 |    93 ||   175
       Spider Form       |       |     7 |    28 |       |       ||    35
       Ice Form          |       |       |     5 |    36 |    55 ||    96
       Blade Hands       |       |       |       |    27 |    31 ||    58
       Borgnjor's Vile C |       |       |       |     5 |    34 ||    39
       Animate Dead      |       |       |       |     1 |    28 ||    29
       Petrify           |       |       |       |       |     4 ||     4
Invok: Receive Corpses   |       |       |       |     1 |     5 ||     6
       Receive Necronomi |       |       |       |       |     1 ||     1
 Abil: End Transformatio |       |       |       |     1 |     3 ||     4
       Evoke Blink       |       |       |       |       |     1 ||     1
Evoke: Wand              |       |       |       |     9 |     4 ||    13
  Use: Scroll            |     5 |     3 |     4 |    17 |    16 ||    45
       Potion            |       |       |       |     1 |    11 ||    12
 Stab: Distracted        |     1 |       |     3 |     5 |     6 ||    15
       Sleeping          |       |     5 |     4 |     5 |     5 ||    19
       Petrified         |       |       |       |       |    10 ||    10
  Eat: Chunk             |     4 |     9 |    22 |    37 |    52 ||   124
       Ration            |       |     1 |       |     6 |     6 ||    13
Armor: Robe              |    18 |    43 |    42 |    90 |   113 ||   306
       Skin              |       |     2 |    11 |    46 |   106 ||   165
Dodge: Dodged            |    63 |   167 |   287 |   426 |   705 ||  1648

Table legend:
 A = Non-vault XP
 B = Vault XP
 C = Vault XP percentage of total XP
 D = Non-vault monster count
 E = Vault monster count
 F = Vault count percentage of total count
                 A         B        C        D         E       F
            +---------+---------+-------+---------+---------+-------
      Total |   60656 |   38501 |  38.8 |     504 |     225 |  30.9
            +---------+---------+-------+---------+---------+-------
        D:1 |      30 |       0 |   0.0 |      19 |       0 |   0.0
        D:2 |     110 |      35 |  24.1 |      30 |       2 |   6.2
        D:3 |     127 |      36 |  22.1 |      30 |       3 |   9.1
        D:4 |     446 |     121 |  21.3 |      14 |       1 |   6.7
        D:5 |     384 |     375 |  49.4 |      19 |       4 |  17.4
        D:6 |     740 |     225 |  23.3 |      17 |       6 |  26.1
        D:7 |     660 |     293 |  30.7 |      10 |       2 |  16.7
        D:8 |    1151 |    3249 |  73.8 |      23 |       4 |  14.8
        D:9 |    3403 |     937 |  21.6 |      25 |       5 |  16.7
       D:10 |    2994 |    2120 |  41.5 |      27 |       2 |   6.9
       D:11 |    2402 |    3048 |  55.9 |      18 |      14 |  43.8
       D:12 |    4631 |     575 |  11.0 |      30 |      15 |  33.3
       D:13 |   11711 |    2982 |  20.3 |      60 |       5 |   7.7
     Lair:1 |    4685 |       0 |   0.0 |      19 |       0 |   0.0
     Lair:2 |    4021 |    1617 |  28.7 |      20 |       2 |   9.1
     Lair:3 |     815 |    1856 |  69.5 |       4 |       8 |  66.7
     Lair:4 |    4691 |    2538 |  35.1 |      21 |       6 |  22.2
     Lair:5 |    2384 |     883 |  27.0 |      14 |       1 |   6.7
     Lair:6 |    7459 |    8321 |  52.7 |      31 |      19 |  38.0
   Spider:1 |    1208 |       0 |   0.0 |       2 |       0 |   0.0
      Orc:1 |    4347 |    3094 |  41.6 |      47 |      11 |  19.0
      Orc:2 |    2257 |    3472 |  60.6 |      24 |      63 |  72.4
     Bailey |       0 |    1522 | 100.0 |       0 |      38 | 100.0
      IceCv |       0 |    1202 | 100.0 |       0 |      14 | 100.0
            +---------+---------+-------+---------+---------+-------
